Map: Submarine LE

Players

DnS

  • Race: Protoss Protoss
  • Spawn Location: 11:00

Kas - Winner!

  • Race: Terran Terran
  • League: Grandmaster
  • Spawn Location: 5:00

Event: DreamHack SC2 Masters 2020 Winter

VOD

Have the link to the VOD?

Description

Time

  • Played on: Oct. 31, 2020, 12:58 p.m.
  • Length: 20:07

All games in this series

Show
View Real Time Build Order
Export as new Build Order

DnS Protoss 

Build Orders: 1 Gate Expand, Blink Stalkers 

Get SALT Encoding   

  12  0:00  Probe  
  13  0:12  Probe  
  14  0:18  Pylon  
  14  0:24  Probe (Chrono Boost)  
  15  0:36  Gateway  
  15  0:37  Probe (Chrono Boost)  
  16  0:44  Probe (Chrono Boost)  
  16  0:46  Assimilator  
  17  0:51  Probe  
  18  1:04  Probe  
  19  1:16  Probe  
  20  1:23  Cybernetics Core  
  20  1:34  Nexus  
  20  1:38  Probe  
  21  1:43  Pylon  
  21  1:50  Probe  
  21  1:53  Assimilator  
  22  1:58  Adept (Chrono Boost)  
  24  2:02  Shield Battery  
  24  2:09  Probe  
  24  2:10  Warp Gate  
  25  2:18  Adept (Chrono Boost)  
  27  2:25  Probe  
  28  2:37  Probe  
  28  2:40  Twilight Council  
  28  2:45  Stalker  
  31  2:52  Probe (Chrono Boost)  
  31  2:54  Probe (Chrono Boost)  
  32  3:03  Probe (Chrono Boost)  
  32  3:05  Probe (Chrono Boost)  
  34  3:11  Robotics Facility, Probe (Chrono Boost)  
  35  3:13  Probe (Chrono Boost)  
  36  3:23  Probe (Chrono Boost)  
  36  3:24  Probe (Chrono Boost)  
  38  3:31  Probe  
  38  3:33  Probe  
  38  3:37  Blink (Chrono Boost)  
  38  3:38  Gateway  
  36  3:43  Probe  
  36  3:45  Gateway  
  36  3:47  Probe  
  38  3:55  Probe  
  38  3:59  Stalker, Probe  
  38  4:00  Observer  
  38  4:02  Assimilator  
  43  4:05  Assimilator  
  43  4:07  Probe  
  44  4:11  Pylon, Probe  
  45  4:20  Probe  
  46  4:27  Nexus  
  46  4:30  Observer  
  47  4:33  Pylon  
  47  4:35  Probe  
  47  4:37  Probe  
  49  4:39  Pylon  
  49  4:44  Stalker x2  
  52  5:00  Stalker  
  52  5:01  Probe  
  52  5:04  Probe  
  52  5:05  Observer  
  52  5:07  Forge  
  56  5:08  Observer  
  56  5:13  Stalker, Probe  
  60  5:16  Probe  
  60  5:17  Charge (Chrono Boost)  
  61  5:25  Probe  
  61  5:28  Probe  
  63  5:29  Stalker  
  65  5:37  Protoss Ground Weapons Level 1, Probe  
  65  5:38  Forge  
  65  5:40  Probe  
  66  5:49  Warp Prism (Chrono Boost)  
  68  5:51  Probe  
  68  5:52  Probe x2  
  68  5:54  Sentry  
  73  6:09  Probe  
  72  6:12  Gateway  
  72  6:13  Gateway  
  72  6:14  Gateway  
  72  6:15  Gateway  
  72  6:17  Gateway  
  72  6:20  Zealot, Sentry  
  72  6:21  Probe x2  
  72  6:22  Probe, Immortal (Chrono Boost)  
  83  6:27  Pylon  
  83  6:28  Zealot  
  85  6:33  Shield Battery  
  85  6:34  Pylon  
  85  6:39  Pylon  
  85  6:41  Pylon  
  85  6:45  Probe x2  
  87  6:54  Stalker x3  
  81  7:09  Stalker x2  
  81  7:10  Stalker x2  
  81  7:12  Probe x2 (Chrono Boost)  
  91  7:22  Probe (Chrono Boost)  
  94  7:24  Probe x2 (Chrono Boost)  
  94  7:29  Probe x2 (Chrono Boost)  
  95  7:30  Probe (Chrono Boost)  
  95  7:35  Immortal  
  101  7:37  Assimilator  
  101  7:38  Assimilator, Probe x2  
  101  7:41  Zealot x4  
  101  7:42  Robotics Bay, Protoss Ground Armor Level 1 (Chrono Boost)  
  111  7:44  Stalker  
  111  7:46  Probe  
  111  7:50  Probe x2  
  116  7:57  Pylon  
  116  7:58  Pylon, Probe  
  117  8:00  Pylon  
  117  8:14  Pylon  
  117  8:16  Assimilator  
  117  8:17  Zealot x3  
  117  8:18  Zealot x4  
  127  8:27  Colossus (Chrono Boost)  
  133  8:42  Probe x3  
  136  8:50  Extended Thermal Lance  
  136  8:52  Zealot x6  
  136  8:55  Pylon x2  
  148  8:56  Pylon  
  148  8:57  Pylon  
  148  8:59  Templar Archives  
  148  9:03  Observer  
  148  9:14  Colossus (Chrono Boost), Robotics Facility  
  154  9:18  Stalker x3  
  160  9:31  Observer  
  158  9:45  High Templar x2, Zealot x5  
  163  9:50  Archon  
  171  9:59  Disruptor (Chrono Boost)  
  175  10:12  Disruptor (Chrono Boost)  
  175  10:20  Probe x2 (Chrono Boost)  
  164  10:23  Probe (Chrono Boost)  
  164  10:25  Protoss Ground Weapons Level 2 (Chrono Boost)  
  164  10:28  Disruptor (Chrono Boost)  
  165  10:32  Probe x2 (Chrono Boost)  
  163  10:36  Probe (Chrono Boost)  
  166  10:43  Probe  
  166  10:44  Probe  
  166  10:45  Nexus  
  166  10:47  Shield Battery, Probe  
  166  10:49  Disruptor (Chrono Boost)  
  169  10:53  Zealot x5  
  179  11:05  Probe  
  179  11:07  Pylon  
  180  11:14  Pylon  
  180  11:17  Disruptor  
  181  11:25  Probe  
  182  11:30  Disruptor  
  159  11:45  Stalker x8  
  171  11:53  Disruptor  
  172  11:54  Photon Cannon  
  160  12:03  Pylon  
  148  12:12  Zealot x7  
  138  12:17  Zealot  
  120  12:35  Zealot x7  
  116  12:42  Disruptor (Chrono Boost)  
  116  12:52  Sentry  
  116  12:54  Probe x2  
  116  12:55  High Templar, Probe  
  116  12:56  High Templar x5  
  116  12:57  Zealot  
  135  13:00  Archon x3  
  135  13:01  Colossus (Chrono Boost)  
  141  13:17  Pylon  
  141  13:21  Zealot x2  
  141  13:23  Probe x4  
  141  13:26  Pylon  
  147  13:34  Zealot x6  
  147  13:37  Colossus (Chrono Boost)  
  163  13:45  Colossus (Chrono Boost)  
  169  13:50  Zealot x2  
  167  14:01  Stalker x5  
  167  14:02  Stalker  
  169  14:03  Probe  
  169  14:04  Probe x3  
  173  14:16  Probe  
  174  14:18  Zealot x2  
  166  14:30  Stalker  
  166  14:31  Stalker x3, Zealot x2  
  170  14:43  Stalker x2  
  170  14:45  Probe x4  
  179  14:48  Disruptor x2  
  180  14:57  Zealot x3, Probe  
  179  15:16  Zealot x5  
  186  15:23  Disruptor (Chrono Boost)  
  186  15:24  Disruptor (Chrono Boost)  
  192  15:33  Forge  
  192  15:35  Zealot  
  192  15:55  Disruptor  
  192  15:56  Observer  
  194  16:00  Zealot x3  
  194  16:01  Protoss Ground Weapons Level 3 (Chrono Boost)  
  198  16:10  Nexus  
  198  16:13  Pylon  
  188  16:27  Zealot  
  188  16:28  Zealot x4  
  187  16:44  Zealot x3  
  158  16:55  Colossus, Zealot x3  
  157  17:04  Gateway  
  157  17:05  Gateway  
  157  17:08  Gateway  
  118  17:23  Probe  
  118  17:24  Probe  
  118  17:25  Zealot x5  
  118  17:42  Probe x2  
  120  17:47  Colossus  
  120  17:48  Pylon  
  120  17:49  Pylon  
  120  17:50  Pylon  
  120  17:52  Pylon  
  120  17:54  Probe x2  
  120  17:57  Zealot x2  
  120  17:58  Zealot x2  
  116  18:15  High Templar x2  
  116  18:16  Zealot  
  120  18:22  Archon  
  120  18:23  High Templar x4  
  128  18:29  Archon  
  128  18:30  Archon, Pylon  
  128  18:40  Pylon  
  127  18:42  Pylon  
  103  18:54  Pylon  
  100  19:16  Zealot  
  100  19:23  Gateway  
  100  19:29  Pylon  
  100  19:33  Zealot x3  
  100  19:35  Gateway  
  105  19:52  Zealot  
Show
View Real Time Build Order
Export as new Build Order

Kas Terran - Winner!

Build Orders: Reaper Expand 

Get SALT Encoding   

  12  0:00  SCV  
  13  0:12  SCV  
  14  0:16  Supply Depot  
  14  0:24  SCV  
  15  0:38  SCV  
  15  0:39  Barracks  
  16  0:44  Refinery  
  16  0:50  SCV  
  17  1:02  SCV  
  18  1:14  SCV  
  19  1:27  Orbital Command  
  19  1:28  Reaper  
  20  1:43  Command Center  
  20  1:49  Supply Depot  
  20  1:53  SCV  
  21  2:00  Bunker  
  21  2:03  Marine  
  21  2:05  SCV  
  23  2:15  Factory  
  23  2:17  SCV  
  24  2:23  Marine  
  26  2:30  SCV  
  26  2:37  Refinery  
  26  2:40  Marine  
  26  2:42  SCV  
  27  2:54  SCV  
  28  2:59  Hellion  
  28  3:01  Starport  
  28  3:04  Barracks Reactor  
  30  3:06  SCV  
  30  3:08  Orbital Command  
  31  3:18  SCV  
  32  3:20  Widow Mine  
  34  3:30  SCV  
  33  3:34  SCV  
  33  3:38  Medivac  
  36  3:41  Marine x2, Barracks  
  36  3:42  SCV  
  36  3:43  Widow Mine  
  36  3:47  SCV  
  42  3:51  Supply Depot  
  42  3:54  SCV  
  43  3:59  SCV, Barracks  
  43  4:02  Marine  
  45  4:06  SCV, Factory Tech Lab  
  45  4:08  Starport Tech Lab  
  46  4:13  SCV  
  46  4:14  Marine  
  48  4:18  SCV  
  48  4:20  Marine  
  50  4:25  SCV  
  50  4:26  Raven, Supply Depot  
  50  4:29  Engineering Bay  
  53  4:31  Refinery  
  53  4:34  SCV  
  53  4:36  Marine  
  53  4:39  Supply Depot  
  53  4:40  Factory Reactor  
  53  4:42  SCV  
  54  4:47  SCV  
  55  4:54  Marine x2  
  55  4:55  SCV, Stimpack  
  55  4:59  Missile Turret  
  56  5:02  SCV  
  56  5:03  Marauder  
  56  5:04  Supply Depot  
  56  5:05  Terran Infantry Weapons Level 1  
  59  5:08  SCV  
  59  5:09  Refinery  
  59  5:14  Marine x2, SCV  
  60  5:17  Marauder  
  60  5:20  SCV  
  66  5:22  Combat Shield  
  66  5:26  Marauder  
  68  5:31  SCV  
  68  5:35  SCV, Marine x2  
  70  5:40  Supply Depot  
  70  5:41  Supply Depot  
  72  5:43  SCV, Medivac  
  72  5:44  Marauder  
  77  5:51  SCV  
  78  6:01  Marine  
  78  6:02  Medivac, SCV  
  80  6:05  Command Center  
  80  6:10  SCV  
  78  6:12  Supply Depot  
  78  6:14  SCV  
  79  6:18  Marine  
  79  6:19  Marauder x2, Marine  
  79  6:23  SCV  
  86  6:27  Factory Reactor  
  86  6:29  Barracks x2  
  86  6:33  SCV  
  86  6:34  Supply Depot  
  87  6:40  Marauder  
  87  6:45  Concussive Shells  
  87  6:47  Marauder  
  88  6:48  SCV  
  73  7:08  Marine x2, Marauder  
  73  7:09  Marauder  
  73  7:10  SCV  
  80  7:15  Widow Mine x2, Medivac x2  
  80  7:17  SCV  
  80  7:18  Orbital Command  
  80  7:22  Terran Infantry Armor Level 1  
  85  7:26  Marine x2, SCV  
  85  7:29  Barracks Tech Lab, Barracks Reactor  
  84  7:30  Marauder  
  84  7:36  Marauder  
  88  7:37  Widow Mine  
  88  7:38  SCV, Orbital Command  
  88  7:39  Widow Mine  
  88  7:44  Marine x2  
  91  7:49  Medivac x2  
  91  7:50  Marauder  
  91  7:51  SCV  
  100  7:52  SCV  
  103  7:58  Widow Mine  
  103  7:59  Missile Turret  
  103  8:01  Widow Mine  
  103  8:02  Missile Turret  
  103  8:03  SCV  
  106  8:11  Marine x3, Marauder x2  
  106  8:12  SCV  
  114  8:14  SCV  
  114  8:19  Marine, Marauder  
  120  8:20  Widow Mine  
  120  8:23  Armory  
  120  8:25  Engineering Bay  
  120  8:29  Marine x2  
  120  8:32  Marauder  
  120  8:33  Marauder, Marine  
  125  8:36  Marine  
  125  8:40  Bunker  
  125  8:42  Supply Depot x2  
  125  8:56  Ghost Academy  
  125  8:59  Supply Depot  
  125  9:00  Supply Depot  
  125  9:01  Refinery  
  125  9:03  Medivac x2, SCV x2  
  125  9:04  Widow Mine x2, Marauder x2, SCV  
  125  9:06  Marauder  
  140  9:15  SCV  
  140  9:16  Supply Depot  
  140  9:17  Terran Infantry Weapons Level 2, Terran Infantry Armor Level 2  
  141  9:20  Refinery  
  141  9:21  SCV x2  
  143  9:25  Marauder  
  143  9:26  Marauder  
  147  9:37  Ghost  
  145  9:39  Viking x2  
  145  9:40  Marine x3  
  150  9:46  Marine, Ghost  
  150  9:47  Marauder  
  150  9:51  SCV  
  156  9:58  Marine  
  156  9:59  Marine x2  
  157  10:00  Widow Mine x2  
  163  10:07  Marauder, Command Center  
  163  10:08  Marauder  
  165  10:23  SCV  
  165  10:27  Marauder  
  165  10:28  SCV  
  165  10:31  Marauder  
  165  10:36  Terran Ship Weapons Level 1  
  165  10:41  Supply Depot x4  
  165  10:42  Marauder, Marine, Viking x2, SCV, Enhanced Shockwaves  
  173  10:44  Marine, SCV x2  
  172  10:53  Ghost  
  172  10:54  Marine  
  172  10:55  Marine, Marauder  
  178  11:04  Marauder  
  180  11:09  Marine  
  181  11:12  SCV  
  181  11:16  Marauder  
  184  11:19  Viking  
  184  11:20  Barracks  
  184  11:21  Barracks  
  184  11:22  Marauder  
  188  11:25  Barracks  
  188  11:26  Viking  
  188  11:28  Marauder  
  178  11:46  Planetary Fortress  
  173  11:48  Marine  
  173  11:49  Marine x2, Marauder x2  
  173  11:50  Marauder  
  164  12:10  Marauder x2  
  146  12:15  Marine  
  146  12:16  Marine, Marauder  
  127  12:31  Marauder  
  127  12:32  Marauder  
  127  12:36  Marine  
  127  12:37  Marine, Marauder  
  122  12:41  Barracks Tech Lab  
  122  12:42  Barracks Tech Lab, Marine, Barracks Reactor  
  122  12:43  Marine, Medivac x2  
  129  12:45  SCV  
  129  12:48  SCV x2  
  129  12:50  SCV  
  133  12:53  Marauder x2  
  133  12:56  Marine x2  
  133  12:57  Terran Infantry Armor Level 3, Terran Infantry Weapons Level 3  
  141  12:58  Marauder  
  141  13:02  Marine x2, Ghost  
  141  13:03  Ghost  
  147  13:07  Sensor Tower  
  147  13:14  Marauder x2  
  147  13:15  Medivac x2  
  147  13:17  Widow Mine x2  
  147  13:18  Marine  
  147  13:19  Marine x2  
  164  13:20  Marauder, Marine  
  165  13:28  Marine, Command Center  
  165  13:32  Marauder  
  165  13:33  Terran Ship Weapons Level 2  
  168  13:36  Marauder  
  168  13:37  Marauder  
  168  13:38  Marauder  
  176  13:41  Marauder  
  164  14:06  Marauder x2, Marine x3  
  164  14:07  Marauder x3, Marine x3  
  164  14:08  Widow Mine x2, Medivac x2  
  178  14:24  Marine x2  
  184  14:31  Marauder x2, Ghost x2, Marine  
  184  14:32  Marine x4  
  189  14:51  Marauder  
  195  14:52  Marauder  
  195  14:53  Marauder  
  195  14:59  Viking x2  
  189  15:00  Widow Mine x2  
  189  15:01  Marauder x2  
  193  15:12  Marauder  
  193  15:13  Ghost x2  
  181  15:20  Marine x3  
  181  15:21  Marine, Planetary Fortress  
  185  15:22  Marauder x2  
  185  15:23  SCV x2  
  191  15:29  Widow Mine x2  
  191  15:30  Medivac x2  
  191  15:34  Refinery  
  191  15:35  Refinery  
  199  15:36  Missile Turret  
  199  15:46  Marine  
  196  15:59  Marauder x2  
  199  16:06  Viking  
  199  16:07  Viking  
  197  16:17  Marauder  
  199  16:22  Terran Vehicle And Ship Armor Level 1  
  172  16:54  Marauder x3, Marine x2  
  172  16:55  Marauder, Marine  
  164  17:01  Viking  
  164  17:06  Marauder  
  164  17:11  Marine x2  
  155  17:16  Marauder x2  
  152  17:23  SCV  
  152  17:26  Marauder x2, Marine x4  
  152  17:27  Marauder  
  152  17:28  Widow Mine x2, Viking  
  152  17:29  Marine  
  170  17:31  Viking  
  170  17:33  SCV x2  
  170  17:36  SCV  
  173  17:37  Marauder x2  
  173  17:38  Marine  
  173  17:41  Command Center  
  173  17:44  Marine  
  176  17:47  Marauder x2  
  181  17:54  Ghost  
  183  18:02  Viking  
  183  18:03  Viking  
  187  18:10  Marauder  
  174  18:16  Ghost  
  174  18:29  Ghost x2  
  174  18:31  Marine x6, Marauder x2  
  174  18:32  Widow Mine x2  
  192  18:34  Medivac  
  192  18:37  Viking  
  196  18:46  Marauder  
  194  18:48  Marine x2  
  194  18:49  Marine  
  194  18:52  Marauder  
  174  19:11  Marauder  
  174  19:12  Marine x2, Marauder  
  174  19:13  Marauder x3, Marine  
  183  19:17  Marine x3  
  183  19:19  Viking  
  183  19:20  Viking  
  183  19:21  Widow Mine x2  
  183  19:22  Barracks  
  194  19:24  Barracks  
  194  19:25  Barracks  
  194  19:30  Marine x2  
  196  19:33  Marauder  
  196  19:34  Marauder  
Tags
 
Add a new tag
Caveats
  • Supply blocks, unpowered buildings, or Contaminate may cause inaccurate times.
  • Supply counts are checked every 10 seconds.